 Dungeon Crawl Stone Soup version 0.28-a0-1190-g77e1c55843 (webtiles) character file.

Game seed: 11900928699453041038

7312 jbasstz the Grappler (level 10, -14/96 HPs)
             Began as a Troll Berserker on Dec 18, 2021.
             Was a High Priest of Trog.
             Demolished by a shadow (25 damage)
             ... on level 11 of the Dungeon.
             The game lasted 00:40:38 (9726 turns).

jbasstz the Grappler (Troll Berserker)              Turns: 9726, Time: 00:40:38

Health: -14/96     AC:  4    Str: 31    XL:     10   Next: 90%
Magic:  9/9        EV:  9    Int:  1    God:    Trog [*****.]
Gold:   513        SH:  7    Dex:  9    Spells: 9/9 levels left

rFire   + . .      SeeInvis .   K - +13 hand axe of Wik Neca {flame, rF+ rC+ Int-2 Stlth+}
rCold   + . .      Faith    .   H - +0 kite shield
rNeg    . . .      Spirit   .   F - +0 robe
rPois   .          Reflect  .   (helmet restricted)
rElec   .          Harm     .   (no cloak)
rCorr   .          Rampage  .   (gloves unavailable)
Will    +....                   (boots unavailable)
Stlth   +++.......              b - amulet of the acrobat
HPRegen 1.06/turn               l - ring of willpower
MPRegen 0.11/turn               m - ring of flight

@: lethally poisoned (-14 -> -26), flying
A: large, unfitting armour, claws 3, regeneration 1, shaggy fur 1, tough skin 1
a: Renounce Religion, Berserk, Trog's Hand, Brothers in Arms


You were on level 11 of the Dungeon.
You worshipped Trog.
Trog was extremely pleased with you.
You visited 1 branch of the dungeon, and saw 11 of its levels.

You collected 513 gold pieces.

Inventory:

Hand Weapons
 K - the +13 hand axe of Wik Neca (weapon) {flame, rF+ rC+ Int-2 Stlth+}
   (Trog gifted it to you on level 10 of the Dungeon)

   It burns those it strikes, dealing additional fire damage.
   Big, fiery blades are also staple armaments of hydra-hunters.
   Int:       It affects your intelligence (-2).
   rF:        It protects you from fire.
   rC:        It protects you from cold.
   Stlth:     It makes you more stealthy.
Missiles
 x - 189 stones
Armour
 a - a +0 animal skin
 F - a +0 robe (worn)
 H - a +0 kite shield (worn)
 J - a +0 tower shield
Jewellery
 b - an amulet of the acrobat (around neck)
 f - an amulet of guardian spirit
 l - a ring of willpower (left claw)
 m - a ring of flight (right claw)
Wands
 p - a wand of flame (28) (quivered)
 w - a wand of iceblast (15)
 z - a wand of polymorph (1)
 A - a wand of charming (11)
 E - a wand of acid (9)
Scrolls
 c - 11 scrolls of teleportation {unknown}
 d - 2 scrolls of immolation {unknown}
 e - 8 scrolls of identify {unknown}
 g - 2 scrolls of enchant weapon {unknown}
 h - a scroll of magic mapping {unknown}
 i - 3 scrolls of fear {unknown}
 n - 2 scrolls of enchant armour {unknown}
 q - a scroll of acquirement {unknown}
 s - a scroll of vulnerability {unknown}
 y - 2 scrolls of holy word {unknown}
 B - a scroll of amnesia {unknown}
 D - a scroll of fog {unknown}
 I - a scroll of noise {unknown}
Potions
 j - 2 potions of might {unknown}
 k - 4 potions of heal wounds {unknown}
 o - 4 potions of curing {unknown}
 r - 2 potions of lignification {unknown}
 t - 2 potions of ambrosia {unknown}
 u - a potion of flight {unknown}
 v - 2 potions of attraction {unknown}
 C - a potion of experience {unknown}
 G - a potion of magic {unknown}


   Skills:
 + Level 5.1 Fighting
 + Level 6.8 Dodging
 + Level 3.0 Stealth
 + Level 2.1 Shields
 + Level 13.0 Unarmed Combat


You had 9 spell levels left.
You didn't know any spells.
Your spell library contained the following spells:

 Spells                   Type           Power      Damage    Failure   Level
 Pain                     Necr           0%         1d4       97%         1
 Animate Armour           Summ/Erth      0%         N/A       100%        4
 Summon Lightning Spire   Summ/Air       0%         N/A       100%        4
 Agony                    Necr           0%         N/A       100%        5
 Excruciating Wounds      Necr           0%         N/A       100%        5
 Ozocubu's Refrigeration  Ice            0%         4d5       100%        7
 Storm Form               Tmut/Air       0%         N/A       100%        7
 Maxwell's Capacitive Co  Air            0%         ∞         100%        8


Dungeon Overview and Level Annotations

Branches:
Dungeon (11/15)            Temple (0/1) D:4            Lair (0/6) D:10
    Orc: D:9-12

Altars:
Ashenzari
Cheibriados
Elyvilon
Fedhas
Gozag
Hepliaklqana
Sif Muna
Uskayaw
Xom
Yredelemnul
Beogh

Shops:
D:7 (

Annotations:
D:5 1 runed translucent door, Athor's ghost, novice VSFi


Innate Abilities, Weirdness & Mutations

You are too large for most types of armour.
You have claws for hands.
Your natural rate of healing is unusually fast.
You are covered in fur. (AC +1)
You have tough skin. (AC +1)


Message History

The vampire mosquito closely misses you.
You block the killer bee's attack. x2; The killer bee barely misses you.
The killer bee stings you. x2
You are poisoned.
The killer bee poisons you! The vampire mosquito bites you.
The vampire mosquito draws strength from your injuries!
The killer bee stings you but does no damage.
You block the killer bee's attack.
The killer bee stings you but does no damage.
The vampire mosquito closely misses you.
You block the killer bee's attack. The killer bee stings you.
You are more poisoned.
The killer bee poisons you! The killer bee barely misses you.
The killer bee closely misses you.
You barely miss the vampire mosquito.
The vampire mosquito is lightly damaged.
You hit the killer bee. You burn the killer bee.
You closely miss the killer bee. You slash the killer bee!
You burn the killer bee. You hit the killer bee. You burn the killer bee.
You kill the killer bee!
Trog accepts your kill.
You feel very sick. You block the killer bee's attack.
The killer bee stings you. x2
The vampire mosquito bites you.
* * * LOW HITPOINT WARNING * * *
The vampire mosquito draws strength from your injuries!
The killer bee stings you but does no damage.
The killer bee stings you.
* * * LOW HITPOINT WARNING * * *
You are more poisoned.
The killer bee poisons you! You block the killer bee's attack.
You block the vampire mosquito's attack.
The killer bee barely misses you. You block the killer bee's attack.
The killer bee stings you!
* * * LOW HITPOINT WARNING * * *
The vampire mosquito bites you.
* * * LOW HITPOINT WARNING * * *
The vampire mosquito draws strength from your injuries!
The shadow strikes at you from the darkness!
You die...

..! ....
...#######<..
..........#.
........... #
.......... .##
#........###...##
........yy.......
........@y.......
........y†.......
...#....#........
. #.............
##...#........
#...........#
#.[.....#....
..........##.


You could see a vampire mosquito and 3 killer bees.

Vanquished Creatures
  A manticore (D:9)
  A troll (D:9)
  Grinder (D:5)
  A vampire (D:9)
  A wyvern (D:9)
  A wraith (D:10)
  A vampire mosquito (D:11)
  An acid dragon (D:10)
  A water moccasin (D:9)
  6 orc warriors
  Duvessa (D:6)
  2 sky beasts
  A black bear (D:6)
  4 ice beasts
  2 necrophages
  6 ogres
  2 centaurs (D:9)
  A phantom (D:5)
  2 kobold brigands
  3 bullfrogs
  A scorpion (D:5)
  2 wyvern zombies
  A water moccasin zombie (D:7)
  A water moccasin skeleton (D:5)
  Dowan (D:6)
  9 killer bees
  10 wights
  4 howler monkeys
  4 centaur zombies
  6 hounds
  2 jellies (D:5)
  A bullfrog zombie (D:5)
  A bullfrog skeleton (D:4)
  2 gnoll shamans
  6 orc priests
  Crazy Yiuf (D:5)
  4 iguanas
  Ijyb (D:3)
  7 orc wizards
  A killer bee zombie (D:8)
  A hound zombie (D:5)
  A howler monkey zombie (D:8)
  8 gnolls
  2 howler monkey skeletons
  8 adders
  2 white imps
  2 ufetubi
  An adder zombie (D:5)
  A worm (D:3)
  39 orcs
  7 endoplasms
  A giant cockroach (D:3)
  3 goblins
  9 hobgoblins
  19 kobolds
  6 quokkas
  4 ball pythons
  7 bats
  3 frilled lizards
  5 rats
233 creatures vanquished.

Vanquished Creatures (others)
  2 withered plants (D:8)
2 creatures vanquished.

Grand Total: 235 creatures vanquished

Notes
Turn   | Place    | Note
-------+----------+-------------------------------------------
     0 | D:1      | jbasstz the Troll Berserker began the quest for the Orb.
     0 | D:1      | Reached XP level 1. HP: 22/22 MP: 0/0
   311 | D:1      | Reached XP level 2. HP: 29/29 MP: 1/1
   674 | D:1      | Got the Tome of the Congealing Entourage
  1013 | D:2      | Reached XP level 3. HP: 36/36 MP: 2/2
  1079 | D:2      | Reached ** piety under Trog
  1135 | D:2      | Reached skill level 4 in Unarmed Combat
  1320 | D:2      | Found a faded altar of an unknown god.
  1428 | D:3      | Reached XP level 4. HP: 44/44 MP: 3/3
  1727 | D:3      | Reached XP level 5. HP: 52/52 MP: 4/4
  1737 | D:3      | Noticed Ijyb
  1748 | D:3      | Killed Ijyb
  1832 | D:3      | Found a hazy altar of Hepliaklqana.
  1943 | D:4      | Noticed an ogre
  1948 | D:4      | Killed an ogre
  1949 | D:4      | Reached skill level 5 in Unarmed Combat
  1994 | D:4      | Noticed an ogre
  2001 | D:4      | Killed an ogre
  2002 | D:4      | Reached XP level 6. HP: 61/61 MP: 5/5
  2025 | D:4      | Found an opulent altar of Gozag.
  2061 | D:4      | Found a blossoming altar of Fedhas.
  2082 | D:4      | Found a snail-covered altar of Cheibriados.
  2086 | D:4      | Found a white marble altar of Elyvilon.
  2089 | D:4      | Found a basalt altar of Yredelemnul.
  2089 | D:4      | Found a shimmering altar of Xom.
  2093 | D:4      | Found a hide-covered altar of Uskayaw.
  2096 | D:4      | Found a broken altar of Ashenzari.
  2315 | D:4      | Reached skill level 6 in Unarmed Combat
  2340 | D:4      | Found a staircase to the Ecumenical Temple.
  2512 | D:4      | Reached XP level 7. HP: 62/67 MP: 6/6
  3376 | D:5      | Entered Level 5 of the Dungeon
  3397 | D:5      | Reached skill level 1 in Stealth
  3520 | D:5      | Reached *** piety under Trog
  3521 | D:5      | Reached skill level 7 in Unarmed Combat
  3636 | D:5      | Found a runed translucent door.
  3641 | D:5      | Noticed Athor's ghost (novice VSFi)
  3659 | D:5      | Noticed Grinder
  3722 | D:5      | Killed Grinder
  3723 | D:5      | Reached XP level 8. HP: 33/75 MP: 7/7
  3785 | D:5      | Reached skill level 8 in Unarmed Combat
  3933 | D:5      | Found a runed translucent door.
  3934 | D:5      | Noticed Crazy Yiuf
  3941 | D:5      | Killed Crazy Yiuf
  4126 | D:5      | You are sucked into a shaft and drop 1 floor!
  4249 | D:6      | Found a shimmering blue altar of Sif Muna.
  4375 | D:6      | Reached skill level 5 in Dodging
  4375 | D:6      | Reached skill level 9 in Unarmed Combat
  4753 | D:6      | Noticed Duvessa
  4755 | D:6      | Noticed Dowan
  4759 | D:6      | Killed Duvessa
  4760 | D:6      | Reached XP level 9. HP: 68/84 MP: 8/8
  4763 | D:6      | Killed Dowan
  5107 | D:7      | Reached **** piety under Trog
  5211 | D:7      | Reached skill level 10 in Unarmed Combat
  5392 | D:7      | Found Exzuoff's Weapon Emporium.
  5964 | D:8      | Reached skill level 11 in Unarmed Combat
  6089 | D:8      | HP: 2/84 [orc warrior (19)]
  6220 | D:7      | HP: 4/84 [orc warrior (16)]
  6586 | D:8      | Reached XP level 10. HP: 94/94 MP: 9/9
  6962 | D:9      | Reached ***** piety under Trog
  7111 | D:9      | Reached skill level 12 in Unarmed Combat
  7175 | D:9      | Noticed a manticore
  7185 | D:9      | Killed a manticore
  7488 | D:9      | Reached skill level 1 in Shields
  8128 | D:10     | Entered Level 10 of the Dungeon
  8304 | D:10     | Reached skill level 5 in Fighting
  9028 | D:10     | Found a staircase to the Lair.
  9191 | D:10     | Identified the +13 hand axe of Wik Neca {flame, rF+ rC+
                  | Int-2 Stlth+} (Trog gifted it to you on level 10 of the
                  | Dungeon)
  9191 | D:10     | Received a gift from Trog
  9201 | D:10     | Reached skill level 13 in Unarmed Combat
  9726 | D:11     | Demolished by a shadow

Illustrated notes

Levels and vault maps discovered:
D:1:      dpeg_arrival_boxorama, layout_basic
D:2:      layout_loops_ring, hellmonk_ecumenical_altar_prayer_group
D:3:      layout_rooms, lemuel_coloured_pillars_altar,
          minmay_misc_feat_nine_boxes, bh_walls_and_bars, uniq_ijyb
D:4:      layout_basic, grunt_gozag_statues,
          nicolae_overflow_hallway_of_the_gods
D:5:      layout_basic, hellmonk_ghost_happy_afterlife, st_stairs_13,
          chequers_serial_rivers_small_3, uniq_crazy_yiuf_cottage, uniq_grinder
D:6:      layout_loops_ring, tgw_sif, uniq_duvessa
D:7:      layout_basic, serial_shops, shop
D:8:      layout_basic, special_room [special_room_orc], serial_undead,
          serial_undead_f, serial_undead_c, serial_undead_a, serial_undead_c
D:9:      layout_long_grid
D:10:     layout_basic, lair_entry_dummy
D:11:     layout_rooms, tso_altar, uniq_urug

Skill      XL: |  1  2  3  4  5  6  7  8  9 10 |
---------------+-------------------------------+-----
Dodging        | 3 4 5 6 |  6.8
Unarmed Combat | 4 5 6 7 9 11 13 | 13.0
Fighting       | 3 4 5 |  5.1
Stealth        | 1 2 3 |  3.0
Shields        | 2 |  2.1

Action                   |  1- 3 |  4- 6 |  7- 9 | 10-12 || total
-------------------------+-------+-------+-------+-------++-------
Melee: Unarmed           |    94 |   102 |   332 |   217 ||   745
       Punch             |     2 |     2 |    15 |     2 ||    21
       Hand axe          |       |       |       |     6 ||     6
 Stab: Sleeping          |     1 |     1 |     3 |       ||     5
Armor: Animal skin       |    23 |    23 |    51 |       ||    97
       Robe              |       |       |       |    59 ||    59
Dodge: Dodged            |    61 |    61 |   157 |   179 ||   458
Block: Kite shield       |       |       |       |    93 ||    93

Table legend: (Time is in decaauts)
 A = Elapsed time spent in this place.
 B = Non-inter-level travel time spent in this place.
 C = Inter-level travel time spent in this place.
 D = Time resting spent in this place.
 E = Time spent auto-exploring this place.
 F = Levels seen in this place.
 G = Mean time per level.
                   A        B        C        D        E       F      G
               +--------+--------+--------+--------+--------+-----+--------+
         Total |   9670 |   9670 |      0 |    125 |   5612 |  11 |  879.1 |
       Dungeon |   9670 |   9670 |      0 |    125 |   5612 |  11 |  879.1 |
               +--------+--------+--------+--------+--------+-----+--------+

Top non-repeatable levels by time:
     D:4: 1428 daAuts
     D:9: 1366 daAuts
    D:10: 1303 daAuts
     D:7: 1066 daAuts
     D:8: 944 daAuts
     D:6: 880 daAuts
     D:1: 784 daAuts
     D:5: 737 daAuts
     D:2: 618 daAuts
     D:3: 526 daAuts
    D:11: 11 daAuts
